 Dungeon Sprint DCSS version 0.20.1-1-g8b1a95d (webtiles) character file.

35 Fang the Skirmisher (level 3, -4/39 HPs)
             Began as a Gargoyle Berserker on Oct 22, 2018.
             Was a Priest of Trog.
             Slain by a wolf (6 damage)
             ... in the Dungeon (Sprint VII: "The Pits").
             The game lasted 00:00:36 (438 turns).

Fang the Skirmisher (Gargoyle Berserker)             Turns: 438, Time: 00:00:37

Health: -4/39      AC:  5    Str: 26    XL:     3   Next: 35%
Magic:  3/3        EV: 12    Int:  7    God:    Trog [***...]
Gold:   0          SH:  0    Dex:  9    Spells: 2/2 levels left

rFire    . . .     SeeInvis .   j - +2 hand axe (chop)
rCold    . . .     Gourm    .   (no shield)
rNeg     + . .     Faith    .   b - +0 animal skin
rPois    ∞         Spirit   .   (no helmet)
rElec    +         Reflect  .   (no cloak)
rCorr    .         Harm     .   (no gloves)
MR       .....     NoTele   +   (no boots)
Stlth    ..........             (no amulet)
Regen    0.2/turn               (no ring)
MPRegen  0.1/turn               (no ring)

@: berserking, very quick
A: negative energy resistance 1, electricity resistance, unbreathing,
petrification resistance, rot immunity, AC +3
a: Berserk, Trog's Hand, Burn Spellbooks, Renounce Religion


You were in the Dungeon.
You worshipped Trog.
Trog was most pleased with you.
You were very hungry.

You visited 1 branch

Inventory:

Hand Weapons
 j - a +2 hand axe of chopping (weapon)
Armour
 b - a +0 animal skin (worn)
Scrolls
 i - a scroll of blinking
 k - 3 scrolls of remove curse
 l - a scroll of summoning
Potions
 a - 2 potions of invisibility
 d - a potion of curing
 e - a potion of heal wounds
 f - a potion of haste
 g - 4 potions of magic
 h - 3 potions of berserk rage
Comestibles
 c - 8 bread rations
 m - 40 fruits
 n - 7 meat rations


   Skills:
 + Level 5.1 Fighting
 + Level 4.7 Axes
 + Level 2.7 Armour
 + Level 2.6 Dodging


You had 2 spell levels left.
You didn't know any spells.

Dungeon Overview and Level Annotations

Branches:
Dungeon (1/1)

Altars:
Cheibriados
Dithmenos
Elyvilon
Fedhas
Gozag
Hepliaklqana
Makhleb
Nemelex Xobeh
Okawaru
Qazlal
Ru
Sif Muna
Trog
Vehumet
Xom
Yredelemnul
Zin
The Shining One
Beogh
Jiyva
Lugonu


Innate Abilities, Weirdness & Mutations

You are resistant to torment.
Your stone body is resilient. (AC +3)
You are immune to poison.
You resist negative energy. (rN+)
You are resistant to electric shocks. (rElec)
You can survive without breathing.
You are immune to petrification.
You are immune to rotting.


Message History

You closely miss the wolf.
The wolf is moderately wounded.
The wolf bites you. x2
* * * LOW HITPOINT WARNING * * *
You are too injured to fight recklessly!
A red film seems to cover your vision as you go berserk!
You feel yourself moving faster!
You feel mighty!
You are feeling very hungry.
The wolf bites you.
* * * LOW HITPOINT WARNING * * *
You closely miss the wolf.
The wolf is moderately wounded.
The wolf barely misses you.
You closely miss the wolf.
The wolf is moderately wounded.
The wolf closely misses you. x2
You slash the wolf!
The wolf is severely wounded.
The wolf bites you.
You die...

#.?(.')))'.##......#..#
##########.##..........
#.....÷.....'..........
#+#####)#####......#..#
#.....# #..........
#.....# ####'#####+
###'### #.......#
#.....# #.......#
#...@.# #.......#
####h## #...<...# ...
#.......# .....
#.......# #######
#.......# #########


You could see a wolf.

Vanquished Creatures
  A worker ant (D)
  An ooze (D)
  4 jackals (D)
  A kobold (D)
  A frilled lizard (D)
8 creatures vanquished.

Notes
Turn   | Place    | Note
-------+----------+-------------------------------------------
     0 | D        | Fang the Gargoyle Berserker began the quest for the Orb.
     0 | D        | Reached XP level 1. HP: 14/14 MP: 1/1
   101 | D        | Found a bloodstained altar of Trog.
   101 | D        | Found a deep blue altar of Sif Muna.
   101 | D        | Found a viscous altar of Jiyva.
   101 | D        | Found a hazy altar of Hepliaklqana.
   101 | D        | Found an opulent altar of Gozag.
   102 | D        | Found a glowing golden altar of the Shining One.
   102 | D        | Found a glowing silver altar of Zin.
   102 | D        | Found a basalt altar of Yredelemnul.
   102 | D        | Found a shimmering altar of Xom.
   102 | D        | Found a sacrificial altar of Ru.
   102 | D        | Found a stormy altar of Qazlal.
   102 | D        | Found an iron altar of Okawaru.
   102 | D        | Found a sparkling altar of Nemelex Xobeh.
   102 | D        | Found a burning altar of Makhleb.
   102 | D        | Found a blossoming altar of Fedhas.
   102 | D        | Found a white marble altar of Elyvilon.
   102 | D        | Found a shadowy altar of Dithmenos.
   102 | D        | Found a snail-covered altar of Cheibriados.
   104 | D        | Found a radiant altar of Vehumet.
   104 | D        | Found a corrupted altar of Lugonu.
   104 | D        | Found a roughly hewn altar of Beogh.
   146 | D        | Reached ** piety under Trog
   154 | D        | Reached skill level 4 in Fighting
   156 | D        | Reached XP level 2. HP: 8/20 MP: 2/2
   390 | D        | Reached *** piety under Trog
   391 | D        | Reached skill level 5 in Fighting
   391 | D        | Reached XP level 3. HP: 26/26 MP: 3/3
   429 | D        | Noticed a wolf
   435 | D        | HP: 1/39 [wolf (5)]
   438 | D        | Slain by a wolf

Skill      XL: |  1  2 |
---------------+-------+-----
Axes           | 3 4 |  4.7
Fighting       | 4 5 |  5.1
Dodging        | 2 |  2.6
Armour         | |  2.7

Action                   || total
-------------------------++-------
Melee: Hand axe          ||    32
Invok: Berserk           ||     3
Armor: Animal skin       ||     7
Dodge: Dodged            ||    25
